 Dungeon Crawl Stone Soup version 0.23-a0-667-gc184e93 (console) character file.

23 Voker57 the Slasher (level 2, -4/23 HPs)
             Began as a Demonspawn Gladiator on Jan 8, 2019.
             Slain by a centaur (8 damage)
             ... on level 2 of the Dungeon.
             The game lasted 00:00:29 (617 turns).

Voker57 the Slasher (Demonspawn Gladiator)           Turns: 617, Time: 00:00:30

Health: -4/23      AC:  4    Str: 14    XL:     2   Next: 72%
Magic:  2/2        EV: 13    Int:  9    God:
Gold:   30         SH:  0    Dex: 14    Spells: 1/1 levels left

rFire    + . .     SeeInvis .   a - +0 long sword
rCold    . . .     Gourm    .   (no shield)
rNeg     . . .     Faith    .   b - +0 leather armour
rPois    .         Spirit   .   c - +0 helmet
rElec    .         Reflect  .   (no cloak)
rCorr    .         Harm     .   (no gloves)
MR       .....                  (no boots)
Stlth    +.........             (no amulet)
HPRegen  0.07/turn              (no ring)
MPRegen  0.08/turn              (no ring)

@: no status effects
A: fire resistance 1
a: no special abilities


You were on level 2 of the Dungeon.
You were not hungry.

You visited 1 branch of the dungeon, and saw 2 of its levels.

You collected 30 gold pieces.

Inventory:

Hand Weapons
 a - a +0 long sword (weapon)
Missiles
 d - a throwing net (quivered)
Armour
 b - a +0 leather armour (worn)
 c - a +0 helmet (worn)
Scrolls
 g - 3 scrolls of noise {unknown}
Potions
 e - a potion of haste {unknown}
Comestibles
 f - 2 rations


   Skills:
 + Level 2.3 Fighting
 * Level 3.2 Long Blades
 - Level 1.7 Throwing
 + Level 3.0 Dodging


You had one spell level left.
You didn't know any spells.
Your spell library was empty.

Dungeon Overview and Level Annotations

Branches:
Dungeon (2/15)

Altars:


Innate Abilities, Weirdness & Mutations

Your flesh is heat resistant. (rF+)


Message History

Press: ? - help, Shift-Dir - straight line, f/p - centaur
Aim: a centaur (lightly wounded)
You throw a throwing net. The throwing net hits the centaur.
The centaur is caught in the net!
The centaur is lightly wounded.
The centaur struggles against the net.
You hit the centaur.
The centaur is moderately wounded.
The centaur struggles against the net.
The kobold barely misses you.
The centaur struggles against the net.
The kobold hits you but does no damage.
You catch the helpless centaur completely off-guard!
You slash the centaur!
The centaur is severely wounded.
The centaur struggles against the net. x2
The net rips apart, and the centaur comes free!
The kobold barely misses you.
You closely miss the centaur.
The centaur is severely wounded.
The centaur hits you!
You die...

.## .. ..### ... ##
.....# .... #. ......
....##(########.(....
...........(#(......#
#..................
#........<...>...
#(c@..((.(......#
#..K............#
#...............#
#...............#
##...........?.##
##...........##
....######### .#####


You could see a centaur and a kobold.

Vanquished Creatures
  A giant cockroach (D:1)
  3 goblins (D:1)
  6 hobgoblins (D:1)
  2 jackals (D:1)
  A bat (D:1)
  5 kobolds (D:1)
18 creatures vanquished.

Notes
Turn   | Place    | Note
-------+----------+-------------------------------------------
     0 | D:1      | Voker57 the Demonspawn Gladiator began the quest for the
                  | Orb.
     0 | D:1      | Reached XP level 1. HP: 16/16 MP: 1/1
   144 | D:1      | Gained mutation: Your flesh is heat resistant. (rF+)
                  | [demonic ancestry]
   144 | D:1      | Reached XP level 2. HP: 18/22 MP: 2/2
   606 | D:2      | Noticed a centaur
   617 | D:2      | Slain by a centaur

Vault maps used:
D:1:      lightli_arrival_statue_moat

Skill      XL: |  1  2 |
---------------+-------+-----
Long Blades    | 3 |  3.2
Dodging        | 3 |  3.0
Fighting       | |  2.3
Throwing       | |  1.7

Action                   || total
-------------------------++-------
Melee: Long sword        ||    46
Throw: Throwing net      ||     2
 Stab: Held in net/web   ||     1
Armor: Leather armour    ||    20
Dodge: Dodged            ||    42
       Rpst.: Long sword ||    10

Table legend:
 A = Non-vault XP
 B = Vault XP
 C = Vault XP percentage of total XP
 D = Non-vault monster count
 E = Vault monster count
 F = Vault count percentage of total count
                 A         B        C        D         E       F
            +---------+---------+-------+---------+---------+-------
      Total |      33 |       0 |   0.0 |      18 |       0 |   0.0
            +---------+---------+-------+---------+---------+-------
        D:1 |      33 |       0 |   0.0 |      18 |       0 |   0.0
            +---------+---------+-------+---------+---------+-------
